 Dungeon Crawl Stone Soup version 0.29.0-4-gdea44cf6ec (webtiles) character file.

Game seed: 9230278639733085257

65 qw the Chopper (level 4, -1/26 HPs)
             Began as a Tengu Warper on Aug 28, 2022.
             Frozen to death by an endoplasm (4 damage)
             ... on level 3 of the Dungeon.
             The game lasted 00:00:12 (2013 turns).

qw the Chopper (Tengu Warper)                       Turns: 2013, Time: 00:00:12

Health: -1/26      AC: 18    Str: 12 (14) XL:     4   Next: 13%
Magic:  8/8        EV:  3    Int: 11 (13) God:
Gold:   132        SH:  0    Dex: 12 (15) Spells: 7/7 levels left

rFire   . . .      SeeInvis .   Y - +0 hand axe
rCold   . . .      Faith    .   (no shield)
rNeg    . . .      Spirit   .   a - +8 plate armour of Spite {-Cast Rampage rCorr Dex+2}
rPois   .          Reflect  .   (helmet restricted)
rElec   .          Harm     .   (no cloak)
rCorr   +          Rampage  +   (no gloves)
Will    .....      NoCast   +   (boots unavailable)
Stlth   ..........              (no amulet)
HPRegen 0.08/turn               (no ring)
MPRegen 0.11/turn               (no ring)

@: lethally poisoned (-1 -> -14)
A: beak, talons 3
a: no special abilities


You were on level 3 of the Dungeon.
You visited 1 branch of the dungeon, and saw 3 of its levels.

You collected 192 gold pieces.
You spent 60 gold pieces at shops.


Innate Abilities, Weirdness & Mutations

You have a beak for a mouth.
You have claws for feet.


   Skills:
 - Level 2.0 Fighting
 + Level 4.3 Axes
 - Level 1.0 Throwing
 - Level 2.0 Armour
 - Level 2.1 Dodging
 - Level 2.0 Spellcasting
 - Level 2.4 Translocations


You had 7 spell levels left.
You didn't know any spells.
Your spell library contained the following spells:

 Spells                   Type           Power      Damage    Failure   Level
 Blink                    Tloc           12%        N/A       100%        2
 Gell's Gravitas          Tloc           6%         N/A       100%        3
 Lesser Beckoning         Tloc           6%         N/A       100%        3
 Teleport Other           Tloc           6%         N/A       100%        3
 Manifold Assault         Tloc           6%         N/A       100%        5

Inventory:

Hand Weapons
 p - a +0 flail
 Y - a +0 hand axe (weapon)
Missiles
 m - a boomerang (quivered)
Armour
 a - the +8 plate armour of Spite (worn) {-Cast Rampage rCorr Dex+2}
   (You acquired it on level 1 of the Dungeon)

   Dex:       It affects your dexterity (+2).
   -Cast:     It prevents spellcasting.
   rCorr:     It protects you from acid and corrosion.
   Rampage:   It bestows one free step when moving towards enemies.
Jewellery
 c - a ring of see invisible
Scrolls
 f - 2 scrolls of identify
Potions
 b - 2 potions of haste {unknown}
 g - 2 potions of curing
 j - a potion of mutation {unknown}
 k - a potion of might
 o - a potion of heal wounds {unknown}

Dungeon Overview and Level Annotations

Branches:
Dungeon (3/15)

Altars:
Dithmenos
Kikubaaqudgha

Shops:
D:1 [[(=*   D:2 :

Annotations:
D:3 Ijyb, Sigmund


Message History

Ijyb is moderately wounded.
Ijyb hits you but does no damage.
You hit Ijyb but do no damage. Your kick misses Ijyb.
Ijyb is moderately wounded.
You hit the orc. Ijyb hits you with a +0 dagger.
The orc hits you but does no damage.
You hit Ijyb. Your kick misses Ijyb.
Ijyb is moderately wounded.
You hit the orc. The orc hits you but does no damage.
Ijyb hits you but does no damage.
You slash the orc!
You kill the orc!
You hit the ball python.
You kill the ball python!
You hit Ijyb. Ijyb hits you but does no damage.
You hit Ijyb but do no damage. Your kick misses Ijyb. You peck Ijyb.
Ijyb is heavily wounded.
You hit the endoplasm. Ijyb hits you but does no damage.
The endoplasm jiggles.
The endoplasm hits you but does no damage. x2
Sigmund says, "You will soon forget everything."
Sigmund hits you from afar with a +2 scythe of venom!
You are lethally poisoned!
Ijyb hits you but does no damage.
You hit Ijyb but do no damage.
Ijyb is moderately wounded.
You completely miss the endoplasm.
You feel very sick.
The endoplasm hits you but does no damage.
Ijyb hits you but does no damage.
You barely miss Ijyb. You peck Ijyb, but do no damage.
Ijyb is moderately wounded.
You hit the endoplasm.
You feel very sick. Sigmund barely misses you. The endoplasm freezes you.
You are frozen.
You die...

#......#....:......
#......#...........
#..####.%....#...........
#.......%...#...........
#####.......#...........
##......######......
#......# #...... #......#
...... #.@....# #Jg)...#
#@w....!.. ..........
......##... .......# ...
.......!. .. #..........


You could see Sigmund, Ijyb, a dart slug and an endoplasm.

Vanquished Creatures
  A gnoll (D:1)
  2 worms (D:2)
  2 orcs (D:3)
  6 endoplasms
  4 giant cockroaches
  4 goblins
  3 hobgoblins (D:1)
  2 quokkas
  4 ball pythons
  3 bats
  3 frilled lizards (D:2)
  5 kobolds
  6 rats
45 creatures vanquished.

Notes
Turn   | Place    | Note
-------+----------+-------------------------------------------
     0 | D:1      | qw the Tengu Warper began the quest for the Orb.
     0 | D:1      | Reached XP level 1. HP: 12/12 MP: 4/4
     0 | D:1      | 0 ||| qw: Version: 0.1-a-89-g26bdef1
     0 | D:1      | 0 ||| qw: Game counter: 1108
     0 | D:1      | 0 ||| qw: Always use a shield: true
     0 | D:1      | 0 ||| qw: God list: Okawaru
     0 | D:1      | 0 ||| qw: Allow faded altars: false
     0 | D:1      | 0 ||| qw: Do Orc after D:15 true
     0 | D:1      | 0 ||| qw: Do second Lair branch before Depths: true
     0 | D:1      | 0 ||| qw: Lair rune preference: random
     0 | D:1      | 0 ||| qw: Plans: Normal
     0 | D:1      | 0 ||| PLANNING D:1-11
    30 | D:1      | Found Paichive's Weapon Shop.
    36 | D:1      | 36 ||| SHOPLISTING +0 mace (36 gold, have 0).
    36 | D:1      | 36 ||| SHOPLISTING +0 vorpal mace (78 gold, have 0).
    36 | D:1      | 36 ||| SHOPLISTING +0 whip (30 gold, have 0).
    36 | D:1      | 36 ||| SHOPLISTING +2 vorpal hand axe (198 gold, have 0).
    60 | D:1      | Found Aketin's Antique Armour Shoppe.
    69 | D:1      | 69 ||| SHOPLISTING cloak (103 gold, have 0).
    69 | D:1      | 69 ||| SHOPLISTING ring mail (92 gold, have 0).
    69 | D:1      | 69 ||| SHOPLISTING runed robe (85 gold, have 0).
    69 | D:1      | 69 ||| SHOPLISTING scale mail (92 gold, have 0).
    69 | D:1      | 69 ||| SHOPLISTING shiny scale mail (161 gold, have 0).
    81 | D:1      | Found Debaol's Antique Armour Shoppe.
    92 | D:1      | 92 ||| SHOPLISTING pair of gloves (112 gold, have 9).
    92 | D:1      | 92 ||| SHOPLISTING ring mail (100 gold, have 9).
   175 | D:1      | Reached skill level 3 in Axes
   175 | D:1      | Reached XP level 2. HP: 14/17 MP: 6/6
   301 | D:1      | Found Abobi's Jewellery Emporium.
   306 | D:1      | 306 ||| SHOPLISTING +6 ring of strength (432 gold, have
                  | 23).
   306 | D:1      | 306 ||| SHOPLISTING ring of fire (300 gold, have 23).
   306 | D:1      | 306 ||| SHOPLISTING ring of poison resistance (240 gold,
                  | have 23).
   306 | D:1      | 306 ||| SHOPLISTING ring of protection from fire (300 gold,
                  | have 23).
   306 | D:1      | 306 ||| SHOPLISTING ring of willpower (300 gold, have 23).
   399 | D:1      | Found a faded altar of an unknown god.
   433 | D:1      | 433 ||| Stepping ~*~*~tactically~*~*~ (stealth).
   437 | D:1      | 437 ||| Stepping ~*~*~tactically~*~*~ (stealth).
   515 | D:1      | Found Noxag's General Store.
   536 | D:1      | Reached skill level 4 in Axes
   536 | D:1      | Reached XP level 3. HP: 21/21 MP: 7/7
   539 | D:1      | 539 ||| DROPPING +0 whip.
   541 | D:1      | 541 ||| BUYING potion of might (40 gold).
   541 | D:1      | Bought a potion of might for 40 gold pieces
   541 | D:1      | 541 ||| BUYING scroll of identify (20 gold).
   541 | D:1      | Bought a scroll of identify for 20 gold pieces
   541 | D:1      | 541 ||| SHOPLISTING scroll of identify (20 gold, have 10).
   541 | D:1      | 541 ||| SHOPLISTING scroll of teleportation (30 gold, have
                  | 10).
   697 | D:1      | 697 ||| UPGRADING to +0 ring mail.
   707 | D:1      | 707 ||| DROPPING +0 leather armour.
   708 | D:1      | 708 ||| READING scroll labelled CIFOPAURUX.
   711 | D:1      | 711 ||| READING scroll labelled NEUWIPH JIXILU.
   712 | D:1      | 712 ||| READING scroll labelled LOWUPO NIBAT.
   838 | D:1      | 838 ||| READING scroll labelled YTOGGOELEEL.
   838 | D:1      | Identified a scroll of acquirement
   838 | D:1      | 838 ||| ACQUIRING +8 plate armour of Spite {-Cast Rampage
                  | rCorr Dex+2}
   838 | D:1      | Acquired the +8 plate armour of Spite {-Cast Rampage rCorr
                  | Dex+2}
   840 | D:1      | 840 ||| UPGRADING to +8 plate armour of Spite {-Cast
                  | Rampage rCorr Dex+2}.
   850 | D:1      | 850 ||| DROPPING +0 ring mail.
   851 | D:1      | 851 ||| DRINKING 2 fuming emerald potions.
   956 | D:1      | 956 ||| READING 2 scrolls of identify.
   956 | D:1      | 956 ||| IDENTIFYING fuming inky potion
   957 | D:1      | 957 ||| DROPPING scroll of blinking.
   958 | D:1      | 958 ||| DROPPING potion of berserk rage.
  1006 | D:2      | Found a shadowy altar of Dithmenos.
  1038 | D:2      | Found Utionij's Book Boutique.
  1819 | D:2      | 1819 ||| READING scroll labelled NYWIRI VOORI.
  1820 | D:2      | 1820 ||| DRINKING 2 bubbling grey potions.
  1821 | D:2      | 1821 ||| DRINKING 2 amethyst potions.
  1822 | D:2      | 1822 ||| DROPPING potion of degeneration.
  1823 | D:2      | 1823 ||| DROPPING potion of flight.
  1939 | D:3      | Reached XP level 4. HP: 25/26 MP: 8/8
  1979 | D:3      | Found an ancient bone altar of Kikubaaqudgha.
  1998 | D:3      | Noticed Ijyb
  2005 | D:3      | Noticed Sigmund
  2013 | D:3      | HP: 3/26 [poisoned by Sigmund]
  2013 | D:3      | Frozen to death by an endoplasm

Levels and vault maps discovered:
D:1:      ebering_trefoil_twist, layout_basic,
          dreamdust_ecumenical_altar_statues, serial_shops,
          nicolae_shop_advertising_works [nicolae_subvault_shop_adworks],
          nicolae_shop_hallway_plus, nicolae_shop_bloodbath_and_beyond,
          nicolae_shop_stone, nicolae_shop_overgrown_old_shop,
          minmay_octomino_e4
D:2:      layout_loops_corners, basic_altar, serial_shops,
          nicolae_shop_window_shopping
D:3:      minmay_roachtagon, layout_basic, tgw_kikubaaqudgha,
          chequers_mini_garden, columned_hall_lemuel, uniq_terence,
          uniq_sigmund, uniq_ijyb

Skill      XL: |  1  2  3 |
---------------+----------+-----
Axes           | 3 4 |  4.3
Armour         | 2 |  2.0
Fighting       | |  2.0
Throwing       | |  1.0
Dodging        | |  2.1
Spellcasting   | |  2.0
Translocations | |  2.4

Action                   |  1- 3 |  4- 6 || total
-------------------------+-------+-------++-------
Melee: Hand axe          |    67 |    16 ||    83
       Kick              |    18 |     1 ||    19
       Peck              |     5 |     4 ||     9
       Punch             |     1 |       ||     1
Throw: Boomerang         |    47 |     3 ||    50
  Use: Scroll            |     6 |       ||     6
       Potion            |     3 |       ||     3
Armor: Leather armour    |     7 |       ||     7
       Plate armour      |    26 |    14 ||    40
Dodge: Dodged            |    18 |     2 ||    20

Table legend:
 A = Non-vault XP
 B = Vault XP
 C = Vault XP percentage of total XP
 D = Non-vault monster count
 E = Vault monster count
 F = Vault count percentage of total count
                 A         B        C        D         E       F
            +---------+---------+-------+---------+---------+-------
      Total |      87 |       6 |   6.5 |      42 |       3 |   6.7
            +---------+---------+-------+---------+---------+-------
        D:1 |      40 |       6 |  13.0 |      16 |       3 |  15.8
        D:2 |      25 |       0 |   0.0 |      14 |       0 |   0.0
        D:3 |      22 |       0 |   0.0 |      12 |       0 |   0.0
            +---------+---------+-------+---------+---------+-------
